3A
HIGHWOOD HAWKS @ COLUMBIA RIVER RATS
08/10/2034
 
TOP OF THE 1ST
Highwood Hawks batting - Pitching for Columbia River Rats : LHP David Fuentes
Pitching: LHP David Fuentes
Batting: SHB Arvo Helminen 0-0: Ball
1-0: Ball
2-0: Ball
3-0: Base on Balls
Batting: RHB Jamal Grant 0-0: Called Strike
0-1: Called Strike
Throwing error on steal attempt, E2
Arvo Helminen to third
0-2: Ground out 6-3 (Groundball, 6)
Arvo Helminen scores
Batting: RHB Jimmy Scott 0-0: Ball
1-0: Foul Ball, location: 2F
1-1: Called Strike
1-2: Strikes out swinging
Batting: RHB Jon Deal 0-0: Foul Ball, location: 2F
0-1: Ground out 6-3 (Groundball, 6MD)
Top of the 1st over - 1 run, 0 hits, 1 error, 0 left on base; Highwood 1 - Columbia 0
BOTTOM OF THE 1ST
Columbia River Rats batting - Pitching for Highwood Hawks : LHP Pat Emery
Pitching: LHP Pat Emery
Batting: RHB Francis Raffone 0-0: Ball
1-0: Fly out, F9 (Flyball, 9S)
Batting: RHB Tyler Marés 0-0: Called Strike
0-1: Ball
1-1: Ball
2-1: Fly out, F9 (Flyball, 89XD)
Batting: RHB Carsello Scruggins 0-0: Foul Ball, location: 2F
0-1: Ball
1-1: Ball
2-1: Fly out, F8 (Flyball, 8RD)
Bottom of the 1st over - 0 runs, 0 hits, 0 errors, 0 left on base; Highwood 1 - Columbia 0
TOP OF THE 2ND
Highwood Hawks batting - Pitching for Columbia River Rats : LHP David Fuentes
Batting: LHB Yi-da Yee 0-0: Foul Ball, location: 2F
0-1: Ball
1-1: Ground out 4-3 (Groundball, 4)
Batting: RHB Alejandro Córdova 0-0: Ball
1-0: Ball
2-0: Foul Ball, location: 2F
2-1: Ball
3-1: Base on Balls
Batting: RHB David Warren 0-0: Foul Ball, location: 2F
0-1: Ball
1-1: Called Strike
1-2: Strikes out swinging
Batting: RHB Justin Hunt 0-0: Ball
1-0: Ball
2-0: Ball
3-0: Called Strike
3-1: Base on Balls
Alejandro Córdova to second
Batting: LHB Scott Miles 0-0: Ground out 4-3 (Groundball, 4)
Top of the 2nd over - 0 runs, 0 hits, 0 errors, 2 left on base; Highwood 1 - Columbia 0
BOTTOM OF THE 2ND
Columbia River Rats batting - Pitching for Highwood Hawks : LHP Pat Emery
Batting: RHB Tyler Bowen 0-0: Ball
1-0: SINGLE (Groundball, 56S) (infield hit)
Batting: SHB Brian Burt 0-0: Ball
1-0: Fly out, F3 (Popup, 3SF)
Batting: RHB Don Skerrett 0-0: Swinging Strike
0-1: Ball
1-1: Foul Ball, location: 2F
1-2: Foul Ball, location: 2F
1-2: Fly out, F9 (Flyball, 9LM)
Batting: RHB Zi-cheng Sun 0-0: Called Strike
0-1: Fly out, F9 (Flyball, 9)
Bottom of the 2nd over - 0 runs, 1 hit, 0 errors, 1 left on base; Highwood 1 - Columbia 0
TOP OF THE 3RD
Highwood Hawks batting - Pitching for Columbia River Rats : LHP David Fuentes
Batting: SHB Arvo Helminen 0-0: Ball
1-0: Ball
2-0: Hit by Pitch
Batting: RHB Jamal Grant 0-0: Ball
Arvo Helminen steals 2nd base
1-0: Called Strike
1-1: Called Strike
1-2: Ball
2-2: SINGLE (Line Drive, 6MD)
Arvo Helminen to third
Batting: RHB Jimmy Scott 0-0: Called Strike
0-1: Swinging Strike
0-2: Ball
1-2: Strikes out swinging
Batting: RHB Jon Deal 0-0: Called Strike
Jamal Grant steals 2nd base
0-1: SINGLE (Line Drive, 8LS)
Arvo Helminen scores
Jamal Grant to third
Batting: LHB Yi-da Yee 0-0: Swinging Strike
0-1: Fly out, F8 (Flyball, 8LD)
Runner from 3rd tags up, SCORES, no throw
Batting: RHB Alejandro Córdova 0-0: Ball
1-0: Fly out, F8 (Line Drive, 8LD)
Top of the 3rd over - 2 runs, 2 hits, 0 errors, 1 left on base; Highwood 3 - Columbia 0
BOTTOM OF THE 3RD
Columbia River Rats batting - Pitching for Highwood Hawks : LHP Pat Emery
Batting: RHB Troy Flynn 0-0: Called Strike
0-1: Ball
1-1: Called Strike
1-2: Foul Ball, location: 2F
1-2: Ball
2-2: Ball
3-2: Ground out 5-3 (Groundball, 5L)
Batting: LHB Kevin McIndeor 0-0: SINGLE (Groundball, 4MD)
Batting: RHB Francis Raffone 0-0: Ball
1-0: Called Strike
1-1: Ball
2-1: Ground out U3 (Groundball, 23)
Kevin McIndeor to second
Batting: RHB Tyler Marés 0-0: Swinging Strike
Passed Ball!
Kevin McIndeor to third
0-1: SINGLE (Flyball, 9LS)
Kevin McIndeor scores
Batting: RHB Carsello Scruggins 0-0: Called Strike
0-1: Called Strike
0-2: Ball
1-2: Fielders Choice at 2nd, 6-4 (Groundball, 6)
Bottom of the 3rd over - 1 run, 2 hits, 0 errors, 1 left on base; Highwood 3 - Columbia 1
TOP OF THE 4TH
Highwood Hawks batting - Pitching for Columbia River Rats : LHP David Fuentes
Batting: RHB David Warren 0-0: Ball
1-0: Ball
2-0: Foul Ball, location: 2F
2-1: Swinging Strike
2-2: Foul Ball, location: 2F
2-2: Foul Ball, location: 2F
2-2: Foul Ball, location: 2F
2-2: Ball
3-2: Strikes out looking
Batting: RHB Justin Hunt 0-0: Called Strike
0-1: Ball
1-1: Ground out 6-3 (Groundball, 6)
Batting: LHB Scott Miles 0-0: Ball
1-0: Called Strike
1-1: Foul Ball, location: 2F
1-2: Ball
2-2: Strikes out swinging
Top of the 4th over - 0 runs, 0 hits, 0 errors, 0 left on base; Highwood 3 - Columbia 1
BOTTOM OF THE 4TH
Columbia River Rats batting - Pitching for Highwood Hawks : LHP Pat Emery
Batting: RHB Tyler Bowen 0-0: Ball
1-0: Ball
2-0: Called Strike
2-1: Called Strike
2-2: Ball
3-2: Foul Ball, location: 2F
3-2: Strikes out swinging
Batting: SHB Brian Burt 0-0: Ball
1-0: Ball
2-0: Foul Ball, location: 2F
2-1: Ball
3-1: Fly out, F8 (Flyball, 8RD)
Batting: RHB Don Skerrett 0-0: Ball
1-0: Swinging Strike
1-1: Called Strike
1-2: DOUBLE (Flyball, 89D)
Batting: RHB Zi-cheng Sun 0-0: Ball
1-0: Called Strike
1-1: Ball
2-1: Swinging Strike
2-2: Strikes out looking
Bottom of the 4th over - 0 runs, 1 hit, 0 errors, 1 left on base; Highwood 3 - Columbia 1
TOP OF THE 5TH
Highwood Hawks batting - Pitching for Columbia River Rats : LHP David Fuentes
Batting: SHB Arvo Helminen 0-0: Swinging Strike
0-1: Ball
1-1: Ball
2-1: Called Strike
2-2: Foul Ball, location: 2F
2-2: Ball
3-2: Foul Ball, location: 2F
3-2: Strikes out swinging
Batting: RHB Jamal Grant 0-0: Ball
1-0: SINGLE (Groundball, 56D)
Batting: RHB Jimmy Scott 0-0: Ball
1-0: Ball
2-0: Ball
3-0: Base on Balls
Jamal Grant to second
Batting: RHB Jon Deal 0-0: Ball
1-0: Foul Ball, location: 2F
1-1: Swinging Strike
1-2: Foul Ball, location: 2F
1-2: Strikes out looking
Batting: LHB Yi-da Yee 0-0: Ball
1-0: Fly out, F4 (Flyball, 4D)
Top of the 5th over - 0 runs, 1 hit, 0 errors, 2 left on base; Highwood 3 - Columbia 1
BOTTOM OF THE 5TH
Columbia River Rats batting - Pitching for Highwood Hawks : LHP Pat Emery
Batting: RHB Troy Flynn 0-0: Swinging Strike
0-1: Called Strike
0-2: Foul Ball, location: 2F
0-2: Foul Ball, location: 2F
0-2: Foul Ball, location: 2F
0-2: Ball
1-2: Ground out 5-3 (Groundball, 56S)
Batting: LHB Kevin McIndeor 0-0: DOUBLE (Groundball, 3L)
Batting: RHB Francis Raffone 0-0: Ball
1-0: Called Strike
1-1: Fly out, F9 (Flyball, 89M)
Batting: RHB Tyler Marés 0-0: Ball
1-0: Called Strike
1-1: Ball
2-1: Fly out, F8 (Flyball, 8RS)
Bottom of the 5th over - 0 runs, 1 hit, 0 errors, 1 left on base; Highwood 3 - Columbia 1
TOP OF THE 6TH
Highwood Hawks batting - Pitching for Columbia River Rats : LHP David Fuentes
Batting: RHB Alejandro Córdova 0-0: Called Strike
0-1: Ball
1-1: Swinging Strike
1-2: Strikes out swinging
Batting: RHB David Warren 0-0: Ball
1-0: Called Strike
1-1: Foul Ball, location: 2F
1-2: Foul Ball, location: 2F
1-2: Strikes out swinging
Batting: RHB Justin Hunt 0-0: Ball
1-0: Bunted foul
1-1: Swinging Strike
1-2: Strikes out looking
Top of the 6th over - 0 runs, 0 hits, 0 errors, 0 left on base; Highwood 3 - Columbia 1
BOTTOM OF THE 6TH
Columbia River Rats batting - Pitching for Highwood Hawks : LHP Pat Emery
Batting: RHB Carsello Scruggins 0-0: Foul Ball, location: 2F
0-1: Ball
1-1: Called Strike
1-2: Fly out, F8 (Flyball, 78D)
Batting: RHB Tyler Bowen 0-0: Ball
1-0: Fly out, F8 (Flyball, 8LXD)
Batting: SHB Brian Burt 0-0: Ball
1-0: Fly out, F9 (Line Drive, 9D)
Bottom of the 6th over - 0 runs, 0 hits, 0 errors, 0 left on base; Highwood 3 - Columbia 1
TOP OF THE 7TH
Highwood Hawks batting - Pitching for Columbia River Rats : LHP David Fuentes
Pitching: RHP José Mejía
Batting: LHB Scott Miles 0-0: Ground out 4-3 (Groundball, 4)
Batting: SHB Arvo Helminen 0-0: Ball
1-0: Foul Ball, location: 2F
1-1: Swinging Strike
1-2: Strikes out swinging
Batting: RHB Jamal Grant 0-0: Ground out 4-3 (Groundball, 4S)
Top of the 7th over - 0 runs, 0 hits, 0 errors, 0 left on base; Highwood 3 - Columbia 1
BOTTOM OF THE 7TH
Columbia River Rats batting - Pitching for Highwood Hawks : LHP Pat Emery
Batting: RHB Don Skerrett 0-0: Ball
1-0: DOUBLE (Line Drive, 78D)
Batting: RHB Zi-cheng Sun 0-0: Called Strike
0-1: Ball
1-1: Ball
2-1: SINGLE (Groundball, 4MD)
Don Skerrett to third
Batting: RHB Troy Flynn Pickoff Throw to First - Out!
0-0: Ground out 4-3 (Groundball, 4)
Batting: LHB Kevin McIndeor 0-0: Ball
1-0: Ball
2-0: Ball
3-0: Base on Balls
Batting: RHB Francis Raffone 0-0: SINGLE (Flyball, 89M)
Don Skerrett scores
Kevin McIndeor to second
Runner from 2nd tries for 3rd, SAFE, no throw
Batting: RHB Tyler Marés 0-0: Fly out, F9 (Flyball, 9D)
Bottom of the 7th over - 1 run, 3 hits, 0 errors, 2 left on base; Highwood 3 - Columbia 2
TOP OF THE 8TH
Highwood Hawks batting - Pitching for Columbia River Rats : RHP José Mejía
Batting: RHB Jimmy Scott 0-0: Called Strike
0-1: Ball
1-1: Swinging Strike
1-2: Strikes out swinging
Batting: RHB Jon Deal 0-0: Called Strike
0-1: Called Strike
0-2: Ball
1-2: SINGLE (Groundball, 56D)
Pitching: LHP Hedi Charlet
Pinch Hitting: RHB Jurg Dansen 0-0: Called Strike
0-1: Ball
1-1: Ball
2-1: Called Strike
2-2: Strikes out swinging
Batting: RHB Alejandro Córdova 0-0: Ball
1-0: Ball
2-0: Fly out, F8 (Flyball, 89XD)
Top of the 8th over - 0 runs, 1 hit, 0 errors, 1 left on base; Highwood 3 - Columbia 2
BOTTOM OF THE 8TH
Columbia River Rats batting - Pitching for Highwood Hawks : LHP Pat Emery
Now at C: Xiao-gang Xú
Now at 1B: John Langevine
Now at SS: Paco Ibarra
Batting: RHB Carsello Scruggins 0-0: Called Strike
0-1: Ball
1-1: SINGLE (Groundball, 25) (infield hit)
Batting: RHB Tyler Bowen 0-0: SINGLE (Flyball, 7LM)
Carsello Scruggins to second
Batting: SHB Brian Burt 0-0: Ball
1-0: Ball
2-0: Foul Ball, location: 2F
2-1: Grounds into double play, U5-3 (Groundball, 5L)
Tyler Bowen to second
Batting: RHB Don Skerrett 0-0: Ground out U3 (Groundball, 3S)
Bottom of the 8th over - 0 runs, 2 hits, 0 errors, 1 left on base; Highwood 3 - Columbia 2
TOP OF THE 9TH
Highwood Hawks batting - Pitching for Columbia River Rats : LHP Hedi Charlet
Pitching: RHP Kit Scheetz
Batting: RHB David Warren 0-0: Ball
1-0: Swinging Strike
1-1: Swinging Strike
1-2: Ball
2-2: Foul Ball, location: 2F
2-2: Foul Ball, location: 2F
2-2: Ball
3-2: Foul Ball, location: 2F
3-2: Strikes out looking
Batting: RHB Justin Hunt 0-0: Swinging Strike
0-1: Ball
1-1: Foul Ball, location: 2F
1-2: Fly out, F8 (Line Drive, 78D)
Batting: LHB Scott Miles 0-0: Called Strike
0-1: Foul Ball, location: 2F
0-2: Strikes out looking
Top of the 9th over - 0 runs, 0 hits, 0 errors, 0 left on base; Highwood 3 - Columbia 2
BOTTOM OF THE 9TH
Columbia River Rats batting - Pitching for Highwood Hawks : LHP Pat Emery
Pitching: LHP Stan Lowe
Batting: RHB Zi-cheng Sun 0-0: Called Strike
0-1: Called Strike
0-2: Fly out, F9 (Flyball, 9LMF)
Batting: RHB Troy Flynn 0-0: Ball
1-0: Swinging Strike
1-1: Foul Ball, location: 2F
1-2: Ball
2-2: Fly out, F9 (Flyball, 89M)
Pinch Hitting: RHB Don Parker 0-0: Ball
1-0: Ball
2-0: SINGLE (Flyball, 89S)
Batting: RHB Francis Raffone 0-0: Ball
1-0: Ball
2-0: Ball
3-0: Base on Balls
Don Parker to second
Batting: RHB Tyler Marés 0-0: Called Strike
0-1: Foul Ball, location: 2F
0-2: Foul Ball, location: 2F
0-2: Foul Ball, location: 2F
0-2: Strikes out swinging
Bottom of the 9th over - 0 runs, 1 hit, 0 errors, 2 left on base; Highwood 3 - Columbia 2
Friday, March 29th, 2019 - OOTP Baseball 18.8 Build 76